Unix NetHack Version 5.0.0-0 post-release - last build Jun 10 2026 00:39:30 (3ee93aec679c4c4259841fe613dc97188e26a321,branch:main).

Game began 2026-06-27 03:20:07, ended 2026-07-12 03:00:22.

Eldrich, lawful male human Archeologist

                                                         ....
                                                         .)@f
                                                         ---.

Eldrich the Field Worker   St:16 Dx:9 Co:9 In:12 Wi:17 Ch:12  Lawful
Dlvl:3  $:1407 HP:0(22) Pw:14(14) AC:9  Xp:3 T:1510 

Latest messages:
 The gnome hits!
 You hit the gnome.
 The kitten misses the gnome.
 The kitten bites the gnome.
 The gnome is killed!
 What do you want to use or apply? [ae-hl or ?*] e
 In what direction do you want to dig? [321>] >
 You continue digging downward.
 You dig a pit in the floor.
 What do you want to use or apply? [ae-hl or ?*] e
 In what direction do you want to dig? [321>] >
 You start digging downward.
 The kitten bites it.
 The kitten bites it.
 It is hit!
 It is destroyed!
 Your kitten eats a dwarf corpse.
 An arrow misses you.
 You stop digging.
 What do you want to use or apply? [ae-hl or ?*] e
 In what direction do you want to dig? [321>] >
 You continue digging downward.
 You are hit by an arrow.
 You stop digging.
 It is missed.
 A stout spear misses you.
 What do you want to use or apply? [ae-hl or ?*] e
 In what direction do you want to dig? [321>] >
 You continue digging downward.
 It is missed.
 You catch the dart! o - a dart.
 You hear a distant zap.
 You are hit by an arrow!
 You stop digging.
 You are hit by an arrow!
 You are still in a pit.
 You are still in a pit.
 You are hit by an arrow!
 You hear the wailing of the Banshee...
 You are still in a pit.
 The gnome lord picks up a candy bar.
 You crawl to the edge of the pit.
 You hear some noises.
 The kitten misses it.
 It hits!
 You die...
 Do you want your possessions identified? [ynq] (y) y
 Do you want to see your attributes? [ynq] (y) y
 Do you want an account of creatures vanquished? [ynaq] (y) y
 Do you want to see your conduct and achievements? [ynq] (y) q

Inventory:
 Coins    ('$')
  $ - 1407 gold pieces
 Weapons  (')')
  o - a +0 dart
  a - a +2 bullwhip (alternate weapon; not wielded)
 Armor    ('[')
  c - an uncursed +0 fedora (being worn)
  b - an uncursed +0 leather jacket (being worn)
 Comestibles  ('%')
  i - an uncursed cram ration
  d - 2 uncursed food rations
  n - an uncursed tripe ration
 Scrolls  ('?')
  m - a blessed scroll of enchant weapon
  k - an uncursed scroll of teleportation
 Tools    ('(')
  h - an empty uncursed sack
  l - an uncursed tooled horn
  e - a +0 pick-axe (weapon in right hand)
  f - a tinning kit (0:87)
 Gems/Stones  ('*')
  g - an uncursed touchstone

Eldrich the Archeologist's attributes:

Background:
 You were a Field Worker, a level 3 male human Archeologist.
 You were lawful, nominally on a mission for Quetzalcoatl
 who was opposed by Camaxtli (neutral) and Huhetotl (chaotic).
 You were right-handed.
 You were in the Gnomish Mines, on level 3.
 You entered the dungeon 1510 turns ago.
 It was nighttime.
 You had 46 experience points, 34 more were needed to attain level 4.

Basics:
 You had 0 out of 22 hit points.
 You had all 14 energy points (spell power).
 Your armor class was 9.
 Your wallet contained 1407 zorkmids.
 Autopickup was off.

Final Characteristics:
 Your strength was 16 (limit:18/100).
 Your dexterity was 9 (limit:18).
 Your constitution was 9 (limit:18).
 Your intelligence was 12 (limit:18).
 Your wisdom was 17 (limit:18).
 Your charisma was 12 (limit:18).

Final Status:
 You weren't hungry.
 You were unencumbered.
 You were wielding a pick-axe.
 You had basic skill with pick-axe.

Final Attributes:
 You were devoutly aligned.
 You had automatic searching.
 You were lucky.
 You are dead.

Miscellaneous:
 You didn't encounter any bones levels.
 Total elapsed playing time was 20 minutes and 43 seconds.

Major events:
 Turn
    1: Eldrich the lawful male human Archeologist entered the dungeon
  963: entered the Gnomish Mines
 1237: attained the rank of Field Worker (level 3)
 1510: killed by an invisible gnome

You didn't know any spells.

Skills:
 Fighting Skills
   bare handed combat [Unskilled]
   two weapon combat  [Unskilled]
   riding             [Unskilled]
 Weapon Skills
   dagger             [Unskilled]
   knife              [Unskilled]
   pick-axe           [Basic]
   short sword        [Unskilled]
   saber              [Unskilled]
   club               [Unskilled]
   quarterstaff       [Unskilled]
   sling              [Unskilled]
   dart               [Unskilled]
   boomerang          [Unskilled]
   whip               [Basic]
   unicorn horn       [Unskilled]
 Spellcasting Skills
   attack spells      [Unskilled]
   healing spells     [Unskilled]
   divination spells  [Unskilled]
   matter spells      [Unskilled]

Voluntary challenges:
 Character rerolling was not enabled.
 You followed a strict vegan diet.
 You were an atheist.
 You never genocided any monsters.
 You never polymorphed an object.
 You never changed form.
 You used no wishes.
Achievements:
 You entered the Gnomish Mines.
 You entered a shop.
 You attained the rank of Field Worker.

 The Dungeons of Doom: levels 1 to 3
    Level 1:
       A fountain.
    Level 2:
       A food shop.
       Stairs down to The Gnomish Mines.
    Level 3:
 The Gnomish Mines:
    Level 3: <- You were here.
       Final resting place for
          you, killed by an invisible gnome.


Vanquished creatures:
  a dwarf
  a brown mold
  2 gnomes
  3 kobolds
  3 goblins
  7 grid bugs
  2 lichens
  7 newts
26 creatures vanquished.

No species were genocided or became extinct.

Game over:
                       ----------
                      /          \
                     /    REST    \
                    /      IN      \
                   /     PEACE      \
                  /                  \
                  |     Eldrich      |
                  |     1407 Au      |
                  |   killed by an   |
                  | invisible gnome  |
                  |                  |
                  |                  |
                  |       2026       |
                 *|     *  *  *      | *
        _________)/\\_//(\/(/\)/\//\/|_)_______

Goodbye Eldrich the Archeologist...

You died in The Gnomish Mines on dungeon level 3 with 1561 points,
and 1407 pieces of gold, after 1510 moves.
You were level 3 with a maximum of 22 hit points when you died.

